Map: Dusk Towers

Players

Raaszu

  • Race: Terran Terran
  • League: Gold

capac - Winner!

  • Race: Terran Terran
  • League: Gold

VOD

Have the link to the VOD?

Description

Time

  • Played on: March 20, 2016, 2:56 p.m.
  • Length: 24:20
Show
View Real Time Build Order
Export as new Build Order

Raaszu Terran 

Build Orders: 1/1/1, Liberator Opening 

Get SALT Encoding   

  12  0:01  SCV  
  13  0:13  SCV  
  14  0:17  Supply Depot  
  14  0:27  SCV  
  15  0:39  Barracks, SCV  
  16  0:47  Refinery  
  16  0:51  SCV  
  16  0:56  Refinery  
  17  1:03  SCV  
  18  1:15  SCV  
  19  1:27  Marine  
  19  1:28  Orbital Command  
  20  1:36  Factory  
  20  1:46  Supply Depot  
  20  1:47  Marine  
  21  1:54  SCV  
  22  2:06  SCV  
  23  2:16  Barracks Reactor  
  23  2:24  Factory Tech Lab  
  23  2:26  Supply Depot  
  23  2:28  Starport  
  22  2:34  SCV  
  23  2:41  Engineering Bay  
  23  2:46  SCV  
  23  2:48  Siege Tank  
  27  2:55  Marine x2  
  29  3:01  SCV  
  27  3:05  Medivac  
  32  3:13  Supply Depot  
  32  3:28  Liberator  
  32  3:43  Marine  
  32  3:44  Marine, Siege Tank  
  32  3:47  SCV  
  41  4:02  SCV  
  42  4:14  Marine x2  
  42  4:15  Command Center  
  44  4:21  SCV  
  45  4:41  Marine  
  45  4:42  Marine  
  47  5:01  Supply Depot  
  47  5:02  Supply Depot  
  47  5:05  Liberator  
  47  5:07  Barracks  
  47  5:09  Marine  
  45  5:15  Siege Tank  
  32  6:57  Orbital Command  
  32  7:43  SCV  
  33  7:47  SCV  
  34  7:55  SCV  
  35  8:05  Marine x2  
  35  8:47  Barracks  
  35  8:48  Barracks  
  35  8:50  Barracks  
  34  8:57  Supply Depot  
  34  8:59  Supply Depot  
  34  9:13  Refinery  
  34  9:14  Refinery, Marine x2  
  36  9:32  Marine  
  35  9:43  Barracks Reactor x3  
  35  9:51  Marine x2  
  37  9:56  Orbital Command  
  37  10:11  Marine x2  
  38  10:22  Marine x2  
  38  10:23  Marine x3  
  41  10:48  Marine  
  41  10:49  Marine x6  
  47  10:50  Marine  
  48  11:10  Factory  
  48  11:23  Barracks Tech Lab  
  48  11:35  SCV  
  48  11:36  Marine x3  
  48  11:37  Marine x3  
  55  11:44  Stimpack  
  55  11:48  SCV  
  56  11:55  Factory Tech Lab  
  56  11:57  Starport  
  56  12:10  Marine x4  
  60  12:30  SCV  
  60  12:36  Medivac x2  
  65  12:40  Siege Tank  
  68  13:07  Marine x2  
  69  13:19  Marine x3  
  71  13:45  SCV  
  71  13:46  Marine  
  71  13:47  Marine  
  66  14:11  Marine x2  
  66  14:12  Marine x4  
  66  14:13  Marine  
  61  14:29  Marine x3  
  64  14:35  Marine x4  
  68  14:45  Supply Depot  
  68  14:47  Supply Depot, Marine x3  
  68  14:49  Engineering Bay  
  71  15:07  Marine x3  
  74  15:14  Medivac x2  
  74  15:18  Marine x4  
  82  15:24  Marine x3  
  85  15:37  Marine x2  
  87  15:57  Command Center  
  83  16:47  Marine x4  
  87  17:08  Supply Depot x2, Marine x5  
  87  17:09  Supply Depot, Marine x2  
  94  17:15  Orbital Command  
  94  17:18  SCV  
  95  17:36  Missile Turret  
  95  17:37  Missile Turret  
  95  17:52  SCV x2  
  97  17:58  Supply Depot  
  97  18:00  Supply Depot  
  90  18:26  SCV x2  
  92  18:37  Marine x5  
  92  18:38  Marine x2, SCV x2  
  101  18:43  Medivac x2  
  105  19:14  Medivac  
  105  19:15  Medivac  
  105  19:16  Marine x4  
  105  19:17  Marine x3  
  113  19:21  SCV  
  113  19:24  SCV  
  118  19:26  Barracks  
  118  19:41  Marine x6  
  124  19:47  SCV x2  
  126  20:15  Marine x3  
  126  20:17  Command Center  
  128  20:51  SCV x2  
Show
View Real Time Build Order
Export as new Build Order

capac Terran - Winner!

Build Orders:  

Get SALT Encoding   

  12  0:01  SCV  
  13  0:13  SCV  
  14  0:18  Supply Depot  
  14  0:25  SCV  
  15  0:39  SCV  
  15  0:41  Barracks  
  16  0:44  Refinery  
  16  0:51  SCV  
  17  1:04  SCV  
  18  1:16  SCV  
  19  1:28  SCV  
  19  1:29  Barracks Reactor  
  20  1:37  Command Center  
  20  1:45  Orbital Command  
  20  1:54  Supply Depot  
  20  2:05  Factory  
  20  2:08  Marine  
  21  2:09  Marine  
  21  2:13  SCV  
  23  2:23  Refinery  
  23  2:26  SCV  
  24  2:35  Marine x2  
  26  2:38  SCV  
  27  2:51  Starport  
  27  2:56  Factory Reactor  
  27  2:57  Barracks  
  27  3:00  Orbital Command  
  27  3:02  Marine  
  28  3:17  Marine  
  29  3:20  Marine  
  29  3:24  SCV  
  31  3:37  SCV  
  31  3:38  SCV  
  33  3:41  Refinery  
  33  3:45  Supply Depot, Medivac x2  
  37  3:48  Widow Mine  
  37  3:49  SCV  
  37  3:50  SCV  
  37  3:52  Barracks Tech Lab  
  41  3:58  Engineering Bay  
  41  4:01  SCV  
  42  4:07  Supply Depot  
  42  4:15  Liberator x2  
  42  4:30  Factory Tech Lab  
  42  4:35  Marine x2  
  50  4:51  Starport  
  50  4:53  Marine  
  51  5:36  Liberator  
  45  6:19  Liberator  
  38  7:03  Barracks  
  38  8:04  Factory  
  36  9:09  Starport  
  36  9:19  Refinery  
  36  9:47  Supply Depot  
  36  10:09  SCV  
  37  10:21  SCV  
  37  10:26  Liberator  
  38  10:38  Command Center  
  38  10:42  SCV  
  36  10:46  Command Center  
  35  10:54  SCV  
  34  11:01  Factory Tech Lab  
  34  11:06  SCV  
  35  11:18  Supply Depot  
  35  11:22  Siege Tank  
  35  11:23  Liberator  
  38  11:26  Orbital Command  
  38  11:28  Starport  
  38  11:29  Starport  
  41  11:54  Supply Depot  
  41  12:00  Siege Tank  
  44  12:07  Refinery, Orbital Command  
  44  12:10  Starport Reactor x2  
  44  12:17  Refinery, SCV x2  
  44  12:20  Refinery  
  46  12:27  Starport Reactor  
  46  12:29  SCV x2  
  48  12:35  SCV  
  49  12:37  Siege Tank  
  49  12:39  Supply Depot  
  49  12:41  SCV  
  53  13:00  SCV x2  
  55  13:06  Liberator x3  
  55  13:19  Siege Tank  
  58  13:25  SCV x3  
  70  13:37  SCV x2  
  70  13:40  Barracks  
  53  14:29  SCV x3  
  56  14:36  Barracks  
  56  14:41  SCV  
  57  14:45  Barracks Reactor  
  57  14:47  Barracks Tech Lab  
  57  14:49  SCV x2  
  57  14:51  Barracks  
  59  14:53  SCV  
  59  14:55  Medivac x2  
  59  14:59  Supply Depot  
  64  15:01  SCV x2  
  66  15:14  Siege Tank  
  66  15:15  Liberator x3  
  69  15:28  Marine, Stimpack  
  69  15:29  Barracks, Marine  
  69  15:30  Barracks  
  69  15:34  Medivac x2  
  84  15:36  SCV  
  84  15:39  Supply Depot  
  84  15:40  Supply Depot, Barracks Reactor  
  85  15:49  Barracks Reactor  
  85  15:58  Supply Depot  
  85  16:00  Siege Tank, SCV x2, Medivac  
  85  16:01  Supply Depot, SCV  
  93  16:12  SCV x2  
  93  16:13  Marine  
  93  16:17  Barracks Reactor  
  96  16:18  Barracks Reactor  
  96  16:19  Medivac x2  
  96  16:22  SCV  
  96  16:25  SCV x2  
  103  16:26  Supply Depot  
  103  16:31  Marine  
  101  16:57  Marine x5  
  101  16:58  Engineering Bay, Marine x3  
  109  17:05  Command Center  
  109  17:06  SCV x3  
  112  17:14  Marine  
  112  17:15  Marine x3  
  116  17:36  Marine x5  
  116  17:37  Marine x4  
  125  18:10  Liberator x2  
  125  18:11  Liberator x2  
  125  18:15  Marine  
  100  18:24  Marine x4  
  100  18:25  Marine x6  
  110  18:33  Marine  
  123  18:42  Marine  
  124  18:57  Liberator  
  124  18:58  Marine x4, Liberator x3  
  124  18:59  Marine x4  
  124  19:00  Marine x2  
  134  19:07  Supply Depot  
  146  19:38  Marine x4  
  146  19:39  Marine x6  
  156  19:48  Supply Depot  
  156  20:15  Marine x4  
  156  20:16  Marine x4  
  164  20:46  Planetary Fortress  
  164  20:50  Engineering Bay  
  164  20:51  Engineering Bay  
  127  21:42  Marine  
  115  22:35  Marine  
  115  22:36  Marine  
  117  22:53  Command Center  
Tags
 
Add a new tag
Caveats
  • Supply blocks, unpowered buildings, or Contaminate may cause inaccurate times.
  • Supply counts are checked every 10 seconds.